 Dungeon Crawl Stone Soup version 0.26-b1-45-g23770d1d51 (webtiles) character file.

Game seed: 6296593397666791628

98007 Delamore the Bludgeoner (level 16, -1/110 HPs)
             Began as a Gargoyle Fighter on Jan 6, 2021.
             Was the Champion of Okawaru.
             Killed by divine providence
             ... invoked by a meliai
              (11 damage)
             ... on level 14 of the Dungeon.
             The game lasted 00:31:31 (33905 turns).

Delamore the Bludgeoner (Gargoyle Fighter)         Turns: 33905, Time: 00:31:31

Health: -1/110     AC: 30    Str: 26    XL:     16   Next: 21%
Magic:  0/7        EV: 10    Int: 18    God:    Okawaru [******]
Gold:   1811       SH: 15    Dex: 21    Spells: 15/15 levels left

rFire    + + .     SeeInvis .   c - +5 morningstar (antimagic)
rCold    + + .     Faith    .   L - +0 kite shield {reflect}
rNeg     + . .     Spirit   +   n - +7 Kryia's mail coat {PotionHeal*2 rC+}
rPois    ∞         Reflect  +   D - +2 hat of Vlad {Rampage Int+4 Dex+9}
rElec    +         Harm     .   T - scarf {rC+ rF+}
rCorr    .         Rampage  +   K - +0 pair of gloves
Will     +....                  a - +0 pair of boots
Stlth    ..........             y - amulet of guardian spirit
HPRegen  0.28/turn              g - ring "Tinewoas" {+Blink Int+6 Dex+3}
MPRegen  0.10/turn              k - ring of protection from fire

@: no status effects
A: big wings, dopey 1, negative energy resistance 1, electricity resistance,
unbreathing, petrification resistance, miasma immunity, AC +12
a: Fly, Renounce Religion, Evoke Blink, Heroism, Finesse


You were on level 14 of the Dungeon.
You worshipped Okawaru.
Okawaru was exalted by your worship.
You visited 4 branches of the dungeon, and saw 23 of its levels.
You also visited: Sewer, Ice Cave and Volcano.

You collected 3391 gold pieces.
You spent 1580 gold pieces at shops.

Inventory:

Hand Weapons
 c - a +5 antimagic morningstar (weapon)
 J - a +1 whip of freezing
 Y - a +2 demon whip of venom
Missiles
 C - 17 atropa-tipped darts (quivered)
 F - 6 curare-tipped darts
 O - 16 javelins
Armour
 a - a +0 pair of boots (worn)
 n - the +7 Kryia's mail coat (worn) {PotionHeal*2 rC+}
   (Okawaru gifted it to you on level 3 of the Lair of Beasts)

   It protects you from cold.
 D - the +2 hat of Vlad (worn) {Rampage Int+4 Dex+9}
   (You bought it in a shop on level 2 of the Orcish Mines)

   It affects your intelligence (+4).
   It affects your dexterity (+9).
   It bestows one free step when moving towards enemies.
 K - a +0 pair of gloves (worn)
 L - a +0 kite shield of reflection (worn)
 T - a scarf of resistance (worn)
Jewellery
 g - the ring "Tinewoas" (left hand) {+Blink Int+6 Dex+3}
   (You found it in an ice cave)

   [ring of intelligence]

   It affects your intelligence (+6).
   It affects your dexterity (+3).
   It lets you blink.
 k - a ring of protection from fire (right hand)
 y - an amulet of guardian spirit (around neck)
 A - an uncursed ring of positive energy
 N - an uncursed ring of see invisible
 U - an uncursed ring of resist corrosion
Wands
 q - a wand of disintegration (22)
 v - a wand of iceblast (21)
 B - a wand of random effects (6)
 I - a wand of flame (53)
 R - a wand of paralysis (7)
 X - a wand of enslavement (8)
Scrolls
 b - a scroll of teleportation
 e - 12 scrolls of remove curse
 i - 4 scrolls of enchant armour
 j - 4 scrolls of amnesia
 m - 3 scrolls of fear
 t - a scroll of brand weapon
 w - 7 scrolls of enchant weapon
 E - a scroll of silence
 M - 2 scrolls of fog
 P - 3 scrolls of magic mapping
 S - a scroll of immolation
 V - 3 scrolls of summoning
 W - a scroll of blinking
 Z - a scroll of identify
Potions
 d - 7 potions of might
 f - 10 potions of attraction
 h - 4 potions of berserk rage
 l - 2 potions of resistance
 p - 4 potions of invisibility
 s - 6 potions of mutation
 u - 6 potions of haste
 x - 7 potions of curing
 z - 3 potions of brilliance
 G - 8 potions of heal wounds
 H - 3 potions of cancellation
 Q - 2 potions of lignification
Miscellaneous
 o - a tin of tremorstones (2/2)
 r - a phantom mirror


   Skills:
 + Level 15.8 Fighting
 + Level 16.6 Maces & Flails
 - Level 5.0 Throwing
 - Level 3.2 Armour
 + Level 15.8 Shields
 + Level 7.8 Invocations


You had 15 spell levels left.
You didn't know any spells.
Your spell library contained the following spells:

 Spells                   Type           Power        Failure   Level
 Beastly Appendage        Tmut           0%           45%         1
 Corona                   Hex            0%           45%         1
 Sandblast                Erth           0%           45%         1
 Summon Small Mammal      Summ           0%           45%         1
 Call Imp                 Summ           0%           58%         2
 Ensorcelled Hibernation  Hex/Ice        0%           58%         2
 Passwall                 Tmut/Erth      0%           58%         2
 Slow                     Hex            0%           58%         2
 Wereblood                Tmut           0%           58%         2
 Call Canine Familiar     Summ           0%           83%         3
 Confusing Touch          Hex            0%           83%         3
 Dazzling Flash           Conj/Hex       0%           83%         3
 Gell's Gravitas          Tloc           0%           83%         3
 Inner Flame              Hex/Fire       0%           83%         3
 Portal Projectile        Hex/Tloc       0%           83%         3
 Spider Form              Tmut/Pois      0%           83%         3
 Stone Arrow              Conj/Erth      0%           83%         3
 Summon Guardian Golem    Hex/Summ       0%           83%         3
 Tukima's Dance           Hex            0%           83%         3
 Cause Fear               Hex            0%           99%         4
 Ice Form                 Ice/Tmut       0%           99%         4
 Leda's Liquefaction      Hex/Erth       0%           99%         4
 Petrify                  Tmut/Erth      0%           99%         4
 Summon Ice Beast         Ice/Summ       0%           99%         4
 Summon Lightning Spire   Summ/Air       0%           99%         4
 Blade Hands              Tmut           0%           100%        5
 Bolt of Magma            Conj/Fire/Erth 0%           100%        5
 Iskenderun's Battlesphe  Conj           0%           100%        5
 Lee's Rapid Deconstruct  Erth           0%           100%        5
 Metabolic Englaciation   Hex/Ice        0%           100%        5
 Summon Demon             Summ           0%           100%        5
 Summon Forest            Summ/Tloc      0%           100%        5
 Summon Mana Viper        Hex/Summ       0%           100%        5
 Yara's Violent Unravell  Hex/Tmut       0%           100%        5
 Iron Shot                Conj/Erth      0%           100%        6
 Shadow Creatures         Summ           N/A          100%        6
 Orb of Destruction       Conj           0%           100%        7
 Spellforged Servitor     Conj/Summ      0%           100%        7
 Summon Hydra             Summ           0%           100%        7


Dungeon Overview and Level Annotations

Branches:
Dungeon (14/15)            Temple (1/1) D:6            Lair (6/6) D:10
 Shoals (0/4) Lair:2        Snake (0/4) Lair:3        Slime (0/5) Lair:6
    Orc (2/2) D:10            Elf (0/3) Orc:2        Vaults (0/5) D:13
  Sewer (visited)           IceCv (visited)         Volcano (visited)

Altars:
Ashenzari
Cheibriados
Dithmenos
Elyvilon
Fedhas
Hepliaklqana
Kikubaaqudgha
Okawaru
Qazlal
Ru
Sif Muna
Uskayaw
Vehumet
Wu Jian
Xom
Yredelemnul
Zin
Beogh

Shops:
Orc:2 !!}[

Portals:
Pandemonium: Orc:2

Annotations:
D:10 1 runed translucent door, Quickbrownfox's ghost, novice MiMo


Innate Abilities, Weirdness & Mutations

You are resistant to torment.
Your stone body is resilient. (AC +12)
You are immune to poison.
Your large and strong wings let you fly indefinitely.
You resist negative energy. (rN+)
You are resistant to electric shocks. (rElec)
You can survive without breathing.
You are immune to petrification.
You are immune to miasma.
You are dopey. (Int -2)


Message History

The yak is lightly wounded.
You block the yak's attack.
You impale the yak!!
The yak is heavily wounded.
The meliai invokes the aid of its god against you.
Something smites you! The yak gores you but does no damage.
You sock the yak!
The yak is almost dead.
The meliai mumbles some strange prayers to its god against you.
Something smites you!
The meliai invokes the aid of its god against you.
Something smites you!
* * * LOW HITPOINT WARNING * * *
There is a stone staircase leading down here.
The meliai invokes the aid of its god against you.
Something smites you!
* * * LOW HITPOINT WARNING * * *
The meliai mumbles some strange prayers to its god against you.
Something smites you!
You die...

##################
................@#
################Y#
####y# #..yy#
#y#### #.####
#....# ####Y#
#.##.#


You could see a yak and 3 meliai.

Vanquished Creatures
  Rupert (D:12)
  An ironheart preserver (D:13)
  A rakshasa (D:13)
  2 ice dragons (IceCv)
  6 hydras
  3 catoblepae (Lair:6)
  2 centaur warriors
  3 two-headed ogres
  Nergalle (Lair:3)
  6 orc high priests
  14 death yaks
  A sixfirhy (Orc:2)
  A fire crab (Lair:6)
  2 unseen horrors
  A gelid demonspawn (Orc:2)
  A lindwurm (Lair:2)
  Pikel (D:5)
  11 deep elf magi
  4 orc knights
  5 cyclopes
  6 ugly things
  11 elephants
  5 orc sorcerers (Orc:2)
  2 manticores (Lair:6)
  3 merfolk sirens (Lair:2)
  2 black mambas
  3 gargoyles
  2 ice statues (IceCv)
  5 molten gargoyles (Volcano)
  A smoke demon (Orc:2)
  3 orange demons (Orc:2)
  13 cane toads
  A kobold demonologist (D:11)
  3 efreet (Volcano)
  5 rime drakes
  10 komodo dragons
  A red devil (Orc:2)
  4 hornets
  3 trolls
  A jumping spider (shapeshifter) (D:13)
  A merfolk (Lair:2)
  2 tengu conjurers (D:14)
  2 polar bears
  11 blink frogs
  A redback (shapeshifter) (D:13)
  2 wraiths
  7 wyverns
  75 yaks
  4 fire elementals (Volcano)
  Grum (D:9)
  2 basilisks (Lair:3)
  A steam dragon (Lair:5)
  Menkaure (D:5)
  2 nagas (Lair:3)
  3 vampire mosquitoes (D:13)
  An acid dragon (D:12)
  13 water moccasins
  A water moccasin (shapeshifter) (D:13)
  17 ice beasts
  Purgy (Sewer)
  34 orc warriors
  A phantom (D:12)
  18 wolves
  A hornet zombie (D:12)
  4 black bears
  12 ogres
  3 sky beasts
  8 centaurs
  A centaur (shapeshifter) (D:12)
  2 big kobolds
  A lemure (D:5)
  24 bullfrogs
  5 scorpions
  A water moccasin skeleton (D:10)
  6 killer bees (D:10)
  20 wights
  5 howler monkeys
  6 electric eels
  35 orc priests
  A bullfrog zombie (D:5)
  2 centaur zombies
  7 hounds
  10 jellies
  23 orc wizards
  4 centaur skeletons
  Jessica (D:2)
  4 iguanas
  7 worker ants
  2 worker ant zombies (D:10)
  4 gnolls (D:6)
  9 adders
  A river rat (D:3)
  2 shadow imps
  14 white imps
  An ufetubus (D:10)
  An ooze (D:3)
  3 worms
  A dart slug (D:1)
  5 leopard geckos
  94 orcs
  16 bats
  6 giant cockroaches
  7 goblins
  5 hobgoblins
  8 jackals
  10 kobolds
  4 quokkas
  5 frilled lizards
  A giant cockroach zombie (D:6)
  2 quokka skeletons
  18 rats
  A fire vortex (Volcano)
765 creatures vanquished.

Vanquished Creatures (others)
  An earth elemental (Volcano)
  2 orc wizards
  25 bushes (D:14)
  7 fungi
  69 plants
104 creatures vanquished.

Grand Total: 869 creatures vanquished

Notes
Turn   | Place    | Note
-------+----------+-------------------------------------------
     0 | D:1      | Delamore the Gargoyle Fighter began the quest for the Orb.
     0 | D:1      | Reached XP level 1. HP: 14/14 MP: 1/1
   152 | D:1      | Reached XP level 2. HP: 12/19 MP: 2/2
   749 | D:1      | Reached XP level 3. HP: 24/24 MP: 3/3
  1654 | D:2      | Reached XP level 4. HP: 25/29 MP: 4/4
  1730 | D:2      | Reached skill level 3 in Maces & Flails
  1765 | D:2      | Noticed Jessica
  1775 | D:2      | Killed Jessica
  1893 | D:2      | Found a faded altar of an unknown god.
  2170 | D:3      | Found a glowing drain.
  2190 | Sewer    | Entered a sewer
  2196 | Sewer    | Reached XP level 5. HP: 33/34 MP: 5/5
  2226 | Sewer    | Noticed Purgy
  2251 | Sewer    | Killed Purgy
  2438 | D:3      | Reached XP level 6. HP: 40/40 MP: 6/6
  2496 | D:3      | Reached skill level 5 in Fighting
  2496 | D:3      | Reached skill level 5 in Shields
  2675 | D:3      | Reached skill level 4 in Maces & Flails
  3097 | D:3      | Found a hide-covered altar of Uskayaw.
  3097 | D:3      | Found a broken altar of Ashenzari.
  3137 | D:4      | Found an ornate altar of the Wu Jian Council.
  3598 | D:4      | Reached skill level 5 in Maces & Flails
  3849 | D:4      | Reached XP level 7. HP: 6/44 MP: 7/7
  4290 | D:5      | Entered Level 5 of the Dungeon
  4303 | D:5      | Noticed Menkaure
  4319 | D:5      | Killed Menkaure
  4320 | D:5      | Reached skill level 6 in Maces & Flails
  4336 | D:5      | Reached skill level 7 in Maces & Flails
  4649 | D:5      | Noticed Pikel
  4691 | D:5      | Killed Pikel
  4692 | D:5      | Reached skill level 8 in Maces & Flails
  4692 | D:5      | Reached XP level 8. HP: 44/49 MP: 8/8
  4840 | D:5      | Reached skill level 9 in Maces & Flails
  5004 | D:5      | Found a sacrificial altar of Ru.
  5059 | D:5      | Found a glowing silver altar of Zin.
  5562 | D:6      | Reached skill level 1 in Throwing
  5877 | D:6      | Found a staircase to the Ecumenical Temple.
  5891 | D:6      | Reached XP level 9. HP: 47/54 MP: 6/9
  5894 | Temple   | Entered the Ecumenical Temple
  5978 | Temple   | Became a worshipper of Warmaster Okawaru
  6028 | D:6      | You fall into a shaft and drop 3 floors!
  6069 | D:8      | Reached skill level 10 in Maces & Flails
  6701 | D:8      | Reached * piety under Okawaru
  6972 | D:7      | Found an ancient bone altar of Kikubaaqudgha.
  7911 | D:7      | Reached skill level 5 in Throwing
  8286 | D:7      | Reached skill level 11 in Maces & Flails
  8601 | D:7      | Found a shimmering blue altar of Sif Muna.
  8651 | D:8      | Noticed a manticore
  8972 | D:8      | Noticed a two-headed ogre
  8980 | D:8      | Killed a two-headed ogre
  8980 | D:8      | Reached ** piety under Okawaru
  8981 | D:8      | Reached XP level 10. HP: 59/59 MP: 10/10
  8991 | D:8      | Reached skill level 12 in Maces & Flails
  9107 | D:8      | Noticed a cyan ugly thing
  9120 | D:8      | Killed a cyan ugly thing
  9770 | D:9      | Noticed Grum
  9818 | D:9      | Reached *** piety under Okawaru
  9828 | D:9      | Killed Grum
  9829 | D:9      | Reached skill level 13 in Maces & Flails
 10588 | D:9      | Reached **** piety under Okawaru
 11040 | D:10     | Entered Level 10 of the Dungeon
 11624 | D:10     | Reached skill level 14 in Maces & Flails
 11690 | D:10     | Noticed a gargoyle
 11728 | D:10     | Killed a gargoyle
 11729 | D:10     | Reached skill level 1 in Invocations
 11729 | D:10     | Reached XP level 11. HP: 16/64 MP: 3/12
 12076 | D:10     | Found a runed translucent door.
 12076 | D:10     | Noticed Quickbrownfox's ghost (novice MiMo)
 12076 | D:10     | Noticed a stone giant
 12103 | D:10     | Noticed a death yak
 12104 | D:10     | Found a staircase to the Lair.
 12104 | D:10     | Noticed a death yak
 12134 | D:10     | Noticed a death yak
 12145 | D:10     | Killed a death yak
 12167 | D:10     | Killed a death yak
 12208 | D:10     | Killed a death yak
 12233 | D:10     | Reached ***** piety under Okawaru
 12636 | D:10     | Received a gift from Okawaru
 13197 | D:10     | Found a staircase to the Orcish Mines.
 13610 | Lair:1   | Entered Level 1 of the Lair of Beasts
 13718 | Lair:1   | Reached skill level 5 in Invocations
 14006 | Lair:1   | Received a gift from Okawaru
 14690 | Lair:1   | Reached XP level 12. HP: 48/75 MP: 13/15
 14694 | Lair:1   | Received a gift from Okawaru
 15678 | Lair:2   | Found a staircase to the Shoals.
 15720 | Lair:2   | Received a gift from Okawaru
 16037 | Lair:2   | Noticed a six-headed hydra
 16055 | Lair:2   | Killed a six-headed hydra
 16055 | Lair:2   | Reached ****** piety under Okawaru
 16056 | Lair:2   | Reached skill level 10 in Fighting
 16056 | Lair:2   | Reached skill level 10 in Shields
 17711 | Lair:2   | Noticed a six-headed hydra
 17723 | Lair:2   | Killed a six-headed hydra
 17724 | Lair:2   | Reached XP level 13. HP: 84/84 MP: 16/16
 18455 | Lair:3   | Found a staircase to the Snake Pit.
 18544 | Lair:3   | Identified a scroll of acquirement
 18546 | Lair:3   | Acquired a +5 antimagic morningstar
 18617 | Lair:3   | Received a gift from Okawaru
 18618 | Lair:3   | Found the +7 Kryia's mail coat {PotionHeal*2 rC+}
 19485 | Lair:3   | Noticed Nergalle
 19502 | Lair:3   | Killed Nergalle
 20177 | Lair:4   | Found a dark tunnel.
 20191 | Volcano  | Entered a volcano
 21781 | Lair:4   | Received a gift from Okawaru
 21782 | Lair:4   | Found the +2 cloak of the Thief {*Fog Slay-2 SInv Stlth+}
 22078 | Lair:5   | Gained mutation: Your large and strong wings let you fly
                  | indefinitely. [Gargoyle growth]
 22078 | Lair:5   | Reached XP level 14. HP: 92/94 MP: 5/17
 23122 | Lair:6   | Entered Level 6 of the Lair of Beasts
 23136 | Lair:6   | Found a frozen archway.
 23166 | IceCv    | Entered an ice cave
 23227 | IceCv    | Reached skill level 15 in Maces & Flails
 23648 | IceCv    | Got a twitching pewter ring
 23755 | Lair:6   | Found a staircase to the Slime Pits.
 23763 | Lair:6   | Identified the ring "Tinewoas" {+Blink Int+6 Dex+3} (You
                  | found it in an ice cave)
 25144 | Lair:6   | Received a gift from Okawaru
 25165 | Lair:6   | Received a gift from Okawaru
 26295 | Orc:1    | Entered Level 1 of the Orcish Mines
 26296 | Orc:1    | Found a roughly hewn altar of Beogh.
 26917 | Orc:1    | Found a roughly hewn altar of Beogh.
 27091 | Orc:1    | Reached XP level 15. HP: 101/101 MP: 6/18
 27225 | Orc:2    | Entered Level 2 of the Orcish Mines
 27558 | Orc:2    | Found Zioqub's Distillery.
 27611 | Orc:2    | Found a staircase to the Elven Halls.
 28292 | Orc:2    | Found Moqodd's Distillery.
 28582 | Orc:2    | Reached skill level 16 in Maces & Flails
 28645 | Orc:2    | Bought a potion of heal wounds for 70 gold pieces
 28645 | Orc:2    | Bought a potion of heal wounds for 70 gold pieces
 28645 | Orc:2    | Bought a potion of might for 56 gold pieces
 28645 | Orc:2    | Bought a potion of might for 56 gold pieces
 28647 | Orc:2    | Bought a potion of heal wounds for 70 gold pieces
 28683 | Orc:2    | Gained mutation: You are dopey. (Int -2) [a neqoxec]
 28712 | Orc:2    | Received a gift from Okawaru
 28721 | Orc:2    | Reached skill level 15 in Shields
 28732 | Orc:2    | Reached skill level 15 in Fighting
 29090 | Orc:1    | Received a gift from Okawaru
 29567 | Orc:2    | Found Ysmo's Gadget Shoppe.
 29567 | Orc:2    | Found a one-way gate leading to the halls of Pandemonium.
 29567 | Orc:2    | Found Neuzison's Antique Armour Emporium.
 29571 | Orc:2    | Bought a transparent hat for 306 gold pieces
 29571 | Orc:2    | Bought a transparent plate armour for 952 gold pieces
 29584 | Orc:2    | Identified the cursed +1 plate armour "Iduco" {-Cast Dex+5}
                  | (You bought it in a shop on level 2 of the Orcish Mines)
 29594 | Orc:2    | Identified the +2 hat of Vlad {Rampage Int+4 Dex+9} (You
                  | bought it in a shop on level 2 of the Orcish Mines)
 31681 | D:12     | Noticed Rupert
 31681 | D:12     | Paralysed by Rupert for 2 turns
 31709 | D:12     | Killed Rupert
 31913 | D:13     | Received a gift from Okawaru
 32632 | D:13     | Acquired 506 gold pieces
 32685 | D:13     | Received a gift from Okawaru
 32759 | D:13     | Reached XP level 16. HP: 108/108 MP: 7/21
 33005 | D:13     | Found a gate to the Vaults.
 33905 | D:14     | Killed from afar by a meliai

Illustrated notes

Levels and vault maps discovered:
D:1:      dpeg_arrival_ratfight, layout_loops_corners, kennysheep_nondescript,
          minmay_tetromino_l4
D:2:      layout_loops_ring, chequers_ecumenical_altar_simple,
          minmay_divided_ellipse, uniq_jessica
D:3:      layout_basic, amethyst_overflow_temple_binary, portal_sewer_entry_a
D:4:      layout_gridville, general_overflow_altar
D:5:      layout_loops_ring, nicolae_overflow_hidden_temple,
          kennysheep_little_box, dk_vineyard_2, minivault_4, uniq_pikel,
          uniq_menkaure
D:6:      layout_cave_pools, minmay_temple_entry_fiery
D:7:      layout_basic, lemuel_crystal_altar, led_sif_pool
D:8:      layout_loops_corners
D:9:      layout_loops_ring, uniq_grum
D:10:     layout_stronghold, dpeg_lair_monsters, hiddenorc1_lemuel,
          ebering_ghost_inner_flame, kennysheep_boxes
D:11:     layout_cross
D:12:     layout_long_grid, roderic_lattice_a, uniq_rupert
D:13:     layout_rooms, skrybe_vaults_entry_preservation, elves_outpost_lemuel
D:14:     layout_basic, serial_park_paths [serial_park_minivault_5x5_8]
Temple:   nicolae_temple_elliptical
Lair:1:   layout_concentric_octagons, minmay_stone_trees_medium,
          beast_lair_carwin_6
Lair:2:   cheibrodos_lair_overgrown_chateau, layout_layer_cave,
          elwin_shoals_entry_stream, grunt_megastairs_4,
          infiniplex_staircase_pool
Lair:3:   layout_misc_corridors, guppyfry_snake_entry_island, serial_rivers,
          chequers_serial_rivers_small_a, chequers_serial_rivers_micro_b,
          chequers_serial_rivers_micro_d, chequers_serial_rivers_large_a,
          chequers_serial_rivers_small_a, chequers_serial_rivers_micro_a,
          uniq_nergalle
Lair:4:   layout_regular_city, enter_volcano_2, serial_bayou_shore_a
Lair:5:   layout_hall_layers, minmay_holes, grunt_megastairs_3,
          lemuel_fruit_tree
Lair:6:   evilmike_catoblepas_cave, layout_regular_city,
          minmay_slime_entry_pillars, portal_ice_cave_entry_imps
Orc:1:    layout_caves, basic_altar, mines2_david
Orc:2:    pf_orc_diabolical, layout_diamond_mine

Skill      XL: |  1  2  3  4  5  6  7  8  9 10 11 12 13 14 15 |
---------------+----------------------------------------------+-----
Fighting       | 4 5 8 11 13 14 15 | 15.8
Shields        | 4 5 8 11 13 14 15 | 15.8
Maces & Flails | 3 5 8 9 11 14 15 16 | 16.6
Throwing       | 2 5 |  5.0
Invocations    | 1 5 7 |  7.8
Armour         | |  3.2

Action                   |  1- 3 |  4- 6 |  7- 9 | 10-12 | 13-15 | 16-18 || total
-------------------------+-------+-------+-------+-------+-------+-------++-------
Melee: Flail             |   159 |   214 |    90 |       |       |       ||   463
       Whip              |       |       |   533 |  1670 |   176 |       ||  2379
       Morningstar       |       |       |       |       |  1573 |   169 ||  1742
Throw: Dart              |       |    15 |     8 |    19 |     4 |       ||    46
Invok: Finesse           |       |       |       |       |     1 |       ||     1
Evoke: Wand              |       |       |     3 |     9 |       |       ||    12
  Use: Scroll            |       |     5 |     4 |    11 |    18 |     1 ||    39
       Potion            |       |       |       |       |     1 |       ||     1
Armor: Scale mail        |    58 |       |       |       |   664 |   131 ||   853
       Chain mail        |    51 |   191 |   271 |       |       |       ||   513
       Storm dragon scal |       |       |    21 |   760 |   121 |       ||   902
Dodge: Dodged            |    65 |    73 |    86 |   267 |   466 |    48 ||  1005
Block: Kite shield       |   115 |   146 |   228 |   629 |  1039 |   132 ||  2289
       Reflection        |       |       |       |     1 |    37 |    13 ||    51
